 Dungeon Crawl Stone Soup version 0.28.0-53-g5a82cb258f (webtiles) character file.

Game seed: 12143526835988569000

19 Descartes the Shooter (level 2, 0/15 HPs)
             Began as a Deep Elf Wanderer on July 16, 2022.
             Slain by a jackal (2 damage)
             ... on level 1 of the Dungeon.
             The game lasted 00:05:27 (597 turns).

Descartes the Shooter (Deep Elf Wanderer)            Turns: 597, Time: 00:05:27

Health: 0/15       AC:  3    Str:  8    XL:     2   Next: 55%
Magic:  1/7        EV: 11    Int: 18    God:
Gold:   28         SH:  0    Dex: 13    Spells: 4/5 levels left

rFire   . . .      SeeInvis .   f - +0 short sword
rCold   . . .      Faith    .   (no shield)
rNeg    . . .      Spirit   .   d - +0 robe
rPois   .          Reflect  .   (no helmet)
rElec   .          Harm     .   (no cloak)
rCorr   .          Rampage  .   c - +0 pair of gloves
Will    .....                   (no boots)
Stlth   ++........              (no amulet)
HPRegen 0.05/turn               (no ring)
MPRegen 0.10/turn               (no ring)

@: no status effects
A: no striking features
a: no special abilities


You were on level 1 of the Dungeon.
You visited 1 branch of the dungeon, and saw 1 of its levels.

You collected 28 gold pieces.

Inventory:

Hand Weapons
 a - a +0 shortbow
 f - a +0 short sword (weapon)
Missiles
 b - 21 arrows
 e - 6 javelins
Armour
 c - a +0 pair of gloves (worn)
 d - a +0 robe (worn)
Scrolls
 i - a scroll of identify {unknown}
Potions
 g - a potion of flight {unknown}
 h - a potion of berserk rage {unknown}


   Skills:
 - Level 2.6 Bows
 - Level 1.0 Armour
 + Level 0.5 Dodging
 + Level 2.6 Stealth
 + Level 2.0 Spellcasting
 + Level 0.4 Conjurations
 + Level 0.4 Transmutations
 + Level 0.4 Fire Magic
 + Level 2.3 Poison Magic
 + Level 1.2 Invocations
 + Level 1.3 Evocations


You had 4 spell levels left.
You knew the following spells:

 Your Spells              Type           Power      Damage    Failure   Level
a - Sting                 Tmut/Pois      24%        1d4       10%         1

Your spell library contained the following spells:

 Spells                   Type           Power      Damage    Failure   Level
 Ignite Poison            Fire/Tmut/Pois 5%         N/A       34%         3
 Olgreb's Toxic Radiance  Pois           10%        N/A       56%         4


Dungeon Overview and Level Annotations

Branches:
Dungeon (1/15)

Altars:

Shops:
D:1 [


Message History

Aim: a jackal (60% to hit)
The sting misses the jackal.
The jackal bites you. x2
Casting: Sting (safe; 10% risk of failure)
Confirm with . or Enter, or press ? or * to list all spells.
You don't have enough magic to cast this spell.
Unknown command.
Casting: Sting (safe; 10% risk of failure)
Confirm with . or Enter, or press ? or * to list all spells.
You don't have enough magic to cast this spell.
Unknown command.
You are too injured to fight recklessly!
f - a +0 short sword (weapon)
You hit the jackal. You punch the jackal.
The jackal is severely wounded.
The jackal bites you.
* * * LOW HITPOINT WARNING * * *
The jackal bites you.
* * * LOW HITPOINT WARNING * * *
You hit the jackal but do no damage.
The jackal is severely wounded.
The jackal closely misses you.
Unknown command.
You closely miss the jackal.
The jackal is severely wounded.
The jackal bites you but does no damage.
The jackal misses you.
You barely miss the jackal.
The jackal is severely wounded.
The jackal bites you but does no damage.
You closely miss the jackal.
The jackal is severely wounded.
The jackal bites you.
* * * LOW HITPOINT WARNING * * *
The jackal bites you.
* * * LOW HITPOINT WARNING * * *
Unknown command.
You closely miss the jackal.
The jackal is severely wounded.
The jackal bites you.
You die...

#..##.#..###.....#
#..#..#..##......#
#..#.##..##......#
#........##.##.#.#
##.............#.#
###.##.###.####.#
####.##.###†####.#
#.......#.........
#@##.##.#.##†##.#.
#h##.##.#.##....>.
#####.##..............
#.....####....##.##.#.
#.....####..........#.
#
##............###......
...## #.........#####
#.#.##.
.....(#.†....##.#
#......
#.........###...#
##...##


You could see a jackal.

Vanquished Creatures
  2 endoplasms (D:1)
  A giant cockroach (D:1)
  A goblin (D:1)
  2 hobgoblins (D:1)
  3 jackals (D:1)
  A quokka (D:1)
  A ball python (D:1)
  2 frilled lizards (D:1)
  2 kobolds (D:1)
  2 rats (D:1)
17 creatures vanquished.

Notes
Turn   | Place    | Note
-------+----------+-------------------------------------------
     0 | D:1      | Descartes the Deep Elf Wanderer began the quest for the
                  | Orb.
     0 | D:1      | Descartes set off with the following items: a +0 shortbow,
                  | 25 arrows, a +0 pair of gloves, a +0 robe; and the
                  | following spell memorised: Sting; and the following spells
                  | available to memorise: Ignite Poison, Olgreb's Toxic
                  | Radiance
     0 | D:1      | Reached XP level 1. HP: 10/10 MP: 5/5
   160 | D:1      | Found Taumagrao's Antique Armour Boutique.
   214 | D:1      | Reached XP level 2. HP: 15/15 MP: 3/6
   597 | D:1      | Slain by a jackal

Illustrated notes

Levels and vault maps discovered:
D:1:      psy_arrival_whirlpool, layout_loops_cross,
          ebering_ecumenical_altar_webs, serial_shops, nicolae_diamond_shop

Skill      XL: |  1  2 |
---------------+-------+-----
Spellcasting   | 2 |  2.0
Bows           | |  2.6
Armour         | |  1.0
Dodging        | |  0.5
Stealth        | |  2.6
Conjurations   | |  0.4
Transmutations | |  0.4
Fire Magic     | |  0.4
Poison Magic   | |  2.3
Invocations    | |  1.2
Evocations     | |  1.3

Action                   || total
-------------------------++-------
Melee: Short sword       ||     6
       Punch             ||     1
 Fire: Shortbow          ||    22
 Cast: Sting             ||    29
Armor: Robe              ||     9
Dodge: Dodged            ||    13
